 Dungeon Sprint DCSS version 0.30.1-11-g7821555f0a (webtiles) character file.

Game seed: 9664245534987624112

6 Groucho the Digger (level 1, 0/15 HPs)
             Began as a Deep Elf Earth Elementalist on Jan 8, 2024.
             Was an Initiate of Sif Muna.
             Slain by an ufetubus (5 damage)
             ... in the Dungeon (Sprint VII: "The Pits").
             The game lasted 00:00:58 (161 turns).

Groucho the Digger (Deep Elf Earth Elementalist)     Turns: 161, Time: 00:00:59

Health: 0/15       AC:  2    Str:  5    XL:     1   Next: 75%
Magic:  6/7        EV: 12    Int: 19    God:    Sif Muna [......]
Gold:   0          SH:  0    Dex: 15    Spells: 6/7 levels left

rFire   . . .        h - +2 dagger
rCold   . . .        (no shield)
rNeg    . . .        a - +0 robe
rPois   .            (no helmet)
rElec   .            (no cloak)
rCorr   .            (no gloves)
SInv    .            (no boots)
Will    .....        (no amulet) Stlth
                     (no ring)
HPRegen 0.22/turn    (no ring)
MPRegen 0.10/turn

%: no teleportation
@: berserking, very quick
A: no striking features
a: Renounce Religion


You were in the Dungeon.
You worshipped Sif Muna.
Sif Muna was noncommittal.
You visited 1 branch

Inventory:

Hand Weapons
 h - a +2 dagger (weapon)
Armour
 a - a +0 robe (worn)
Scrolls
 g - a scroll of blinking
 j - 5 scrolls of amnesia
 k - a scroll of butterflies
Potions
 b - 5 potions of magic
 c - a potion of curing
 d - a potion of heal wounds
 e - a potion of haste
 f - 2 potions of berserk rage
 i - 2 potions of invisibility


   Skills:
 - Level 2.4 Dodging
 - Level 2.4 Stealth
 + Level 3.6 Spellcasting
 * Level 2.2 Conjurations
 - Level 1.1 Transmutations
 * Level 4.1 Earth Magic


You had 6 spell levels left.
You knew the following spells:

 Your Spells              Type           Power      Damage    Failure   Level
a - Sandblast             Erth           38%        2d10      2%          1

Your spell library contained the following spells:

 Spells                   Type           Power      Damage    Failure   Level
 Passwall                 Tmut/Erth      10%        N/A       8%          2
 Stone Arrow              Conj/Erth      30%        3d8       12%         3
 Petrify                  Tmut/Erth      13%        N/A       43%         4


Dungeon Overview and Level Annotations

Branches:
Dungeon (1/1)

Altars:
Ashenzari
Cheibriados
Dithmenos
Elyvilon
Fedhas
Gozag
Hepliaklqana
Kikubaaqudgha
Makhleb
Nemelex Xobeh
Okawaru
Qazlal
Ru
Sif Muna
Trog
Uskayaw
Vehumet
Wu Jian
Xom
Yredelemnul
Zin
The Shining One
Jiyva
Lugonu


Message History

Things that are here:
a +2 quarterstaff; a +2 trident You see here a +2 falchion.
Things that are here:
a +2 mace; a +2 hand axe
There is an open door here.
You open the door.
Found nineteen altars.
There is an open door to the Temple (Safe) here.
Found three altars.
Found three altars.
There is a shimmering blue altar of Sif Muna here.
You kneel at the altar of Sif Muna.
Sif Muna welcomes you!
Unknown command.
Press < or > to pray at altars.
Unknown command.
Press < or > to pray at altars.
There is a sacrificial altar of Ru here.
There is a shimmering blue altar of Sif Muna here.
There is an open door to the Temple (Safe) here.
You open the door. 2 ufetubi come into view.
The ufetubus shouts! x2
Okay, then.
A red film seems to cover your vision as you go berserk!
You feel yourself moving faster!
You feel mighty! The ufetubus hits you. The ufetubus misses you.
The ufetubus hits you but does no damage.
The ufetubus hits you.
You miss the ufetubus. The ufetubus hits you. x2
You puncture the ufetubus!
You kill the ufetubus!
Sif Muna accepts your kill.
Your Conjurations skill gained 2 levels and is now at level 2!
Your Earth Magic skill increases to level 4!
You hit the ufetubus.
The ufetubus is severely wounded.
The ufetubus misses you. The ufetubus hits you.
You die...

############
#_________.#
#_________.#
#_______...###########++
##########'##...........
#.?(.')))'.##......#..#
##########.##..........
.......5@..†...........
+#####'#####......#..#.
#.. #........... +..
####'#####+ ###
#.......# #.......#
#.......# #...<...#
#.......#


You could see an ufetubus.

Vanquished Creatures
  An ufetubus (D)
  A ball python (D)
2 creatures vanquished.

Notes
Turn   | Place    | Note
-------+----------+-------------------------------------------
     0 | D        | Groucho the Deep Elf Earth Elementalist began the quest for
                  | the Orb.
     0 | D        | Reached XP level 1. HP: 10/10 MP: 6/6
   144 | D        | Found a glowing golden altar of the Shining One.
   144 | D        | Found a glowing silver altar of Zin.
   144 | D        | Found a basalt altar of Yredelemnul.
   144 | D        | Found a shimmering altar of Xom.
   144 | D        | Found an ornate altar of the Wu Jian Council.
   144 | D        | Found a bloodstained altar of Trog.
   144 | D        | Found a shimmering blue altar of Sif Muna.
   144 | D        | Found a sacrificial altar of Ru.
   144 | D        | Found a stormy altar of Qazlal.
   144 | D        | Found an iron altar of Okawaru.
   144 | D        | Found a sparkling altar of Nemelex Xobeh.
   144 | D        | Found a burning altar of Makhleb.
   144 | D        | Found a viscous altar of Jiyva.
   144 | D        | Found a hazy altar of Hepliaklqana.
   144 | D        | Found an opulent altar of Gozag.
   144 | D        | Found a blossoming altar of Fedhas.
   144 | D        | Found a white marble altar of Elyvilon.
   144 | D        | Found a shadowy altar of Dithmenos.
   144 | D        | Found a snail-covered altar of Cheibriados.
   145 | D        | Found a radiant altar of Vehumet.
   145 | D        | Found a corrupted altar of Lugonu.
   146 | D        | Found an ancient bone altar of Kikubaaqudgha.
   146 | D        | Found a hide-covered altar of Uskayaw.
   146 | D        | Found a broken altar of Ashenzari.
   147 | D        | Became a worshipper of Sif Muna the Loreminder
   161 | D        | Reached skill level 4 in Earth Magic
   161 | D        | Slain by an ufetubus

Illustrated notes

Levels and vault maps discovered:
D:        pitsprint [storerooms_1, entrance_room_1, metal_vault_5, armoury_3,
          mini_pit_1, grid_room_1, main_hall_1, silver_pit, the_coven_2,
          the_vestibule_1, steel_vault_3, golden_pit, hallway_of_sentries,
          crystal_vault_1, iron_vault_3, final_vault]

Skill      XL: |  1 |
---------------+----+-----
Conjurations   | 2 |  2.2
Earth Magic    | 4 |  4.1
Dodging        | |  2.4
Stealth        | |  2.4
Spellcasting   | |  3.6
Transmutations | |  1.1

Action                     || total
---------------------------++-------
  Melee: Dagger            ||     3
   Cast: Sandblast         ||     1
    Use: Potion            ||     1
 Armour: Robe              ||     2
  Dodge: Dodged            ||     5
